 Dungeon Crawl Stone Soup version 0.30-a0-867-g305f33218d (webtiles) character file.

Game seed: 16785835653248847595

224 IdlyInterested the Slasher (level 5, 0/38 HPs)
             Began as a Demonspawn Gladiator on Mar 10, 2023.
             Slain by a gnoll
             ... wielding a +0 halberd
              (8 damage)
             ... on level 3 of the Dungeon.
             The game lasted 00:06:58 (2789 turns).

IdlyInterested the Slasher (Demonspawn Gladiator)   Turns: 2789, Time: 00:06:59

Health: 0/38       AC:  9    Str: 20    XL:     5   Next: 67%
Magic:  5/5        EV: 12    Int:  9    God:
Gold:   200        SH:  0    Dex: 17    Spells: 4/4 levels left

rFire   . . .      SeeInvis .    a - +0 long sword
rCold   . . .      Faith    .    (no shield)
rNeg    . . .      Spirit   .    n - +1 ring mail
rPois   +          Reflect  .    c - +0 helmet
rElec   .          Rampage  .    (no cloak)
rCorr   .                        v - +0 pair of gloves
Will    .....                    o - +0 pair of boots
Stlth   +                        (no amulet)
HPRegen 0.26/turn                m - +6 ring of strength
MPRegen 0.09/turn                i - ring of poison resistance

@: no status effects
A: claws 1
a: no special abilities


You were on level 3 of the Dungeon.
You visited 1 branch of the dungeon, and saw 3 of its levels.
You also visited: Sewer.

You collected 200 gold pieces.

Inventory:

Hand Weapons
 a - a +0 long sword (weapon)
 p - a +2 dagger of draining
 u - a +2 dagger of flaming
Missiles
 d - 3 throwing nets
 e - a javelin
 g - 19 stones (quivered)
 q - 3 boomerangs
 w - 4 poisoned darts
Armour
 c - a +0 helmet (worn)
 n - a +1 ring mail (worn)
 o - a +0 pair of boots (worn)
 v - a +0 pair of gloves (worn)
Jewellery
 i - a ring of poison resistance (right hand)
 m - a +6 ring of strength (left hand)
Scrolls
 h - 2 scrolls of amnesia
 j - a scroll of acquirement {unknown}
 t - a scroll of magic mapping
 x - a scroll of fog
Potions
 b - 3 potions of degeneration {unknown}
 f - a potion of flight {unknown}
 k - 2 potions of brilliance {unknown}
 l - a potion of haste {unknown}
 r - a potion of berserk rage
 s - a potion of cancellation {unknown}


   Skills:
 - Level 2.0 Fighting
 * Level 5.3 Long Blades
 - Level 2.0 Throwing
 - Level 1.0 Armour
 + Level 2.7 Dodging
 - Level 1.0 Stealth
 - Level 1.0 Unarmed Combat


You had 4 spell levels left.
You didn't know any spells.
Your spell library contained the following spells:

 Spells                   Type           Power      Damage    Failure   Level
 Ensorcelled Hibernation  Hex/Ice        0%         N/A       71%         2
 Spider Form              Tmut/Pois      0%         N/A       90%         3
 Anguish                  Hex/Necr       0%         N/A       100%        4
 Petrify                  Tmut/Erth      0%         N/A       100%        4
 Metabolic Englaciation   Hex/Ice        0%         N/A       100%        5
 Statue Form              Tmut/Erth      0%         N/A       100%        6


Dungeon Overview and Level Annotations

Branches:
Dungeon (3/15)              Sewer (visited)

Altars:

Shops:
D:2 [


Innate Abilities, Weirdness & Mutations

You have sharp fingernails.


Message History

The stone hits the gnoll but does no damage.
The gnoll is lightly wounded.
Throw: 20 stones
Press: ? - help, Q - select action, (/) - cycle Shift-Dir - straight line, f/p - gnoll
Aim: a gnoll, wielding a +0 flail (lightly wounded, 65% to hit)
You throw a stone.
The stone hits the gnoll but does no damage.
The gnoll is lightly wounded.
The gnoll closely misses you.
You barely miss the gnoll.
The gnoll is lightly wounded.
The gnoll barely misses you.
You barely miss the gnoll.
The gnoll is lightly wounded.
The gnoll barely misses you.
The gnoll hits you from afar with a +0 halberd!
You hit the gnoll.
The gnoll is moderately wounded.
The gnoll barely misses you. x2; The gnoll hits you with a +0 flail!
The gnoll closely misses you.
You hit the gnoll.
The gnoll is heavily wounded.
The gnoll barely misses you. The gnoll closely misses you.
You barely miss the gnoll.
The gnoll is heavily wounded.
The gnoll closely misses you. The gnoll hits you with a +0 flail!
You hit the gnoll but do no damage.
The gnoll is heavily wounded.
The gnoll hits you with a +0 flail.
* * * LOW HITPOINT WARNING * * *
The gnoll misses you.
You barely miss the gnoll.
The gnoll is heavily wounded.
The gnoll hits you with a +0 flail.
* * * LOW HITPOINT WARNING * * *
The gnoll barely misses you.
You closely miss the gnoll.
The gnoll is heavily wounded.
The gnoll hits you from afar with a +0 halberd!
You die...

........#
#.....#..
........#
#...#.#...#
###.###.#
##..#.>.... #>#
#.# #......... #.#
#.# ##.###.####
#.# #.#
#..#~###~~# #.#
#g# #..#~'~~~~~
#.# #g#
#..#.'~~~~~ #.#
#@# ##..#~###~~#
##<# #.#
##...###.#### #..#
#.####..#.........
##.##
#.#....#####.###.#
#####..##
#...########.###.#
#.......#
#..###.....#......
#...[...#
#..##.............
#.......#
#..#..............
####.####
#..#.>.....)......


You could see 2 gnolls.

Vanquished Creatures
  A water moccasin (Sewer)
  Jessica (D:3)
  An orc wizard (D:3)
  An adder (D:2)
  2 dart slugs (D:1)
  5 orcs (D:3)
  4 ball pythons
  3 endoplasms
  3 goblins
  A hobgoblin (D:1)
  9 jackals (D:1)
  5 quokkas
  8 bats
  A frilled lizard (D:2)
  2 kobolds (D:3)
  2 rats (D:3)
49 creatures vanquished.

Notes
Turn   | Place    | Note
-------+----------+-------------------------------------------
     0 | D:1      | IdlyInterested the Demonspawn Gladiator began the quest for
                  | the Orb.
     0 | D:1      | Reached XP level 1. HP: 16/16 MP: 1/1
   186 | D:1      | Reached skill level 3 in Long Blades
   189 | D:1      | Gained mutation: You have sharp fingernails. [demonic
                  | ancestry]
   189 | D:1      | Reached XP level 2. HP: 19/22 MP: 2/2
   279 | D:1      | Reached skill level 1 in Stealth
  1133 | D:2      | Reached XP level 3. HP: 23/27 MP: 3/3
  1331 | D:2      | Found Jynga's Armour Shop.
  1606 | D:2      | Found a faded altar of an unknown god.
  1950 | D:3      | Reached skill level 1 in Unarmed Combat
  2020 | D:3      | Noticed Jessica
  2033 | D:3      | Killed Jessica
  2034 | D:3      | Reached skill level 4 in Long Blades
  2034 | D:3      | Reached XP level 4. HP: 8/33 MP: 4/4
  2048 | D:3      | Found a glowing drain.
  2052 | Sewer    | Entered a sewer
  2181 | Sewer    | Noticed a water moccasin
  2193 | Sewer    | Killed a water moccasin
  2194 | Sewer    | Reached skill level 5 in Long Blades
  2194 | Sewer    | Reached skill level 1 in Armour
  2194 | Sewer    | Reached XP level 5. HP: 14/38 MP: 5/5
  2789 | D:3      | Slain by a gnoll

Illustrated notes

Levels and vault maps discovered:
D:1:      saegor_arrival_under_anarchy, layout_basic
D:2:      layout_loops_ring, dreamdust_ecumenical_altar_hidden_monk_grotto,
          serial_shops, nicolae_shop_statue_plus
D:3:      layout_rooms, nicolae_uskayaw_dance_hall, gup_sewer_entry_bowl,
          minmay_distorted, uniq_jessica

Skill      XL: |  1  2  3  4  5 |
---------------+----------------+-----
Long Blades    | 3 4 5 |  5.3
Stealth        | 1 |  1.0
Unarmed Combat | 1 |  1.0
Armour         | 1 |  1.0
Throwing       | 2 |  2.0
Fighting       | |  2.0
Dodging        | |  2.7

Action                     |  1- 3 |  4- 6 || total
---------------------------+-------+-------++-------
  Melee: Long sword        |   120 |    62 ||   182
         Punch             |     1 |       ||     1
  Throw: Stone             |     4 |     3 ||     7
    Use: Scroll            |     5 |     3 ||     8
         Potion            |     1 |       ||     1
 Armour: Leather armour    |    38 |       ||    38
         Ring mail         |    32 |    23 ||    55
  Dodge: Dodged            |   127 |    55 ||   182

Table legend: (Time is in decaauts)
 A = Elapsed time spent in this place.
 B = Non-inter-level travel time spent in this place.
 C = Inter-level travel time spent in this place.
 D = Time resting spent in this place.
 E = Time spent auto-exploring this place.
 F = Levels seen in this place.
 G = Mean time per level.
                   A        B        C        D        E       F      G
               +--------+--------+--------+--------+--------+-----+--------+
         Total |   2845 |   2510 |    335 |    637 |   1132 |   4 |  711.2 |
       Dungeon |   2528 |   2193 |    335 |    448 |   1112 |   3 |  842.7 |
         Sewer |    317 |    317 |      0 |    189 |     20 |   1 |  317.0 |
               +--------+--------+--------+--------+--------+-----+--------+

Top non-repeatable levels by time:
     D:1: 1063 daAuts
     D:2: 929 daAuts
     D:3: 536 daAuts
   Sewer: 317 daAuts
